 Dungeon Crawl Stone Soup version 0.21-a0-621-gc60411f (webtiles) character file.

819 slep the Cutter (level 7, -3/52 HPs)
             Began as a Demonspawn Gladiator on Dec 24, 2017.
             Was a Follower of Okawaru.
             Slain by a hippogriff (6 damage)
             ... on level 5 of the Dungeon.
             The game lasted 00:09:58 (4062 turns).

slep the Cutter (Demonspawn Gladiator)              Turns: 4062, Time: 00:09:59

Health: -3/52      AC:  8    Str: 15    XL:     7   Next: 63%
Magic:  7/7        EV: 14    Int:  9    God:    Okawaru [*.....]
Gold:   152        SH:  0    Dex: 16    Spells: 6/6 levels left

rFire    + . .     SeeInvis .   A - +0 falchion
rCold    . . .     Gourm    .   (no shield)
rNeg     . . .     Faith    .   b - +0 leather armour
rPois    +         Spirit   .   c - +0 helmet
rElec    .         Reflect  .   (no cloak)
rCorr    .         Harm     .   (no gloves)
MR       .....                  n - +0 pair of boots
Stlth    ++++......             x - amulet of inaccuracy (curse)
HPRegen  0.17/turn              e - ring of poison resistance
MPRegen  0.10/turn              k - ring of protection from fire

@: no status effects
A: talons 1, yellow scales 2, nightstalker 2
a: Heroism, Renounce Religion


You were on level 5 of the Dungeon.
You worshipped Okawaru.
Okawaru was aware of your devotion.
You were not hungry.

You visited 2 branches of the dungeon, and saw 6 of its levels.

You collected 152 gold pieces.

Inventory:

Hand Weapons
 a - a +0 rapier
 A - a +0 falchion (weapon)
Missiles
 d - 2 throwing nets (quivered)
 v - 11 poisoned needles
Armour
 b - a +0 leather armour (worn)
 c - a +0 helmet (worn)
 n - a +0 pair of boots (worn)
Jewellery
 e - a ring of poison resistance (left hand)
 k - a ring of protection from fire (right hand)
 r - an uncursed ring of see invisible {unknown}
 x - a cursed amulet of inaccuracy (around neck)
 y - an uncursed ring of see invisible {unknown}
Wands
 u - a wand of iceblast (5)
Scrolls
 g - a scroll of immolation {unknown}
 i - 2 scrolls of identify {unknown}
 j - 4 scrolls of teleportation {unknown}
 l - 3 scrolls of remove curse {unknown}
 q - a scroll of enchant armour {unknown}
Potions
 h - a potion of mutation {unknown}
 m - 5 potions of curing {unknown}
 o - a potion of agility {unknown}
 p - 2 potions of heal wounds {unknown}
 s - a potion of cancellation {unknown}
 t - a potion of lignification {unknown}
 w - a potion of berserk rage {unknown}
Comestibles
 f - 4 rations
 z - 2 chunks of flesh


   Skills:
 + Level 3.6 Fighting
 + Level 6.1 Short Blades
 + Level 1.9 Throwing
 + Level 2.4 Armour
 + Level 4.0 Dodging
 + Level 2.4 Stealth


You had 6 spell levels left.
You didn't know any spells.

Dungeon Overview and Level Annotations

Branches:
Dungeon (5/15)             Temple (1/1) D:4

Altars:
Ashenzari
Dithmenos
Elyvilon
Fedhas
Gozag
Hepliaklqana
Kikubaaqudgha
Nemelex Xobeh
Okawaru
Ru
Sif Muna
Trog
Uskayaw
Vehumet
Wu Jian
Yredelemnul
Zin
The Shining One


Innate Abilities, Weirdness & Mutations

You have sharp toenails.
You are mostly covered in yellow scales. (AC +3)
You are significantly more attuned to the shadows.


Message History

You hit the hippogriff.
The hippogriff is lightly wounded.
The hippogriff struggles against the net.
You barely miss the hippogriff.
The hippogriff is lightly wounded.
The hippogriff struggles against the net.
You hit the hippogriff.
The hippogriff is moderately wounded.
The hippogriff struggles against the net.
The net rips apart, and the hippogriff comes free!
You hit the hippogriff but do no damage.
The hippogriff is moderately wounded.
The hippogriff misses you. The hippogriff pecks you.
* * * LOW HITPOINT WARNING * * *
The hippogriff claws you!
* * * LOW HITPOINT WARNING * * *
You hit the hippogriff but do no damage.
The hippogriff is moderately wounded.
The hippogriff bites you.
You die...

#..........#
#..........#
#..........# ##
...########'#### #. ..#
#........# #. ..#
#........# #. #+#.#
#........# #. #.#H#
#........# #. #.#@#
#####'#### #. #.#.# #.#
## #.#.# #.#######
#####.#.########........
#...^..............#####
#.###..............#####
#.......................
########################


You could see a hippogriff.

Vanquished Creatures
  The ghost of xnavy the Firebug, a novice DEFE of Sif Muna (D:4)
  Sigmund (D:3)
  An ogre (D:5)
  A scorpion (D:4)
  A howler monkey (D:2)
  A hound (D:5)
  An orc wizard (D:4)
  An iguana (D:4)
  2 worker ants (D:4)
  A hound skeleton (D:5)
  3 adders
  A worm (D:3)
  A dart slug (D:1)
  3 leopard geckos
  3 orcs (D:4)
  5 ball pythons (D:3)
  9 bats
  2 giant cockroaches
  9 goblins
  14 hobgoblins
  9 jackals
  4 kobolds
  A quokka (D:4)
  6 frilled lizards
  10 rats
91 creatures vanquished.

Notes
Turn   | Place    | Note
-------+----------+-------------------------------------------
     0 | D:1      | slep the Demonspawn Gladiator began the quest for the Orb.
     0 | D:1      | Reached XP level 1. HP: 16/16 MP: 1/1
   126 | D:1      | Gained mutation: You are partially covered in yellow scales. (AC +2) [demonic ancestry]
   126 | D:1      | Reached XP level 2. HP: 12/22 MP: 2/2
   559 | D:1      | Gained mutation: You have sharp toenails. [demonic ancestry]
   559 | D:1      | Reached XP level 3. HP: 26/28 MP: 3/3
  1024 | D:2      | Reached skill level 3 in Short Blades
  1042 | D:2      | Found an ancient bone altar of Kikubaaqudgha.
  1365 | D:2      | Found a blossoming altar of Fedhas.
  1521 | D:2      | Reached skill level 1 in Armour
  1521 | D:2      | Gained mutation: You are slightly more attuned to the shadows. [demonic ancestry]
  1521 | D:2      | Reached XP level 4. HP: 20/34 MP: 4/4
  2419 | D:3      | Noticed Sigmund
  2447 | D:3      | Killed Sigmund
  2447 | D:3      | Reached skill level 4 in Short Blades
  2447 | D:3      | Reached skill level 1 in Stealth
  2447 | D:3      | Gained mutation: You are significantly more attuned to the shadows. [demonic ancestry]
  2447 | D:3      | Reached XP level 5. HP: 33/41 MP: 5/5
  2447 | D:3      | Reached XP level 6. HP: 38/47 MP: 6/6
  2878 | D:4      | Found a staircase to the Ecumenical Temple.
  2884 | Temple   | Entered the Ecumenical Temple
  3040 | Temple   | Became a worshipper of Warmaster Okawaru
  3228 | D:4      | Noticed xnavy's ghost (novice DEFE)
  3251 | D:4      | Killed xnavy's ghost
  3251 | D:4      | Reached * piety under Okawaru
  3251 | D:4      | Reached skill level 5 in Short Blades
  3251 | D:4      | Gained mutation: You are mostly covered in yellow scales. (AC +3) [demonic ancestry]
  3251 | D:4      | Reached XP level 7. HP: 20/52 MP: 7/7
  3498 | D:4      | Found an opulent altar of Gozag.
  3918 | D:5      | Entered Level 5 of the Dungeon
  3963 | D:5      | Reached skill level 6 in Short Blades
  4048 | D:5      | Noticed a hippogriff
  4062 | D:5      | Slain by a hippogriff

Vault maps used:
D:1:      shiori_arrival_elements
D:2:      lemuel_crystal_altar, first_ration, minmay_misc_feat_plants,
          fedhas_altar_1
D:3:      minmay_shallow_snake_nest, uniq_sigmund
D:4:      grunt_gozag_statues, minmay_temple_entry_hall
D:5:      cheibriados_altar_1
Temple:   regret_index_temple_generic_petals

Skill      XL: |  1  2  3  4  5  6  7 |
---------------+----------------------+-----
Dodging        | 3 4 |  4.0
Short Blades   | 3 4 5 6 |  6.1
Armour         | 1 2 |  2.4
Fighting       | 3 |  3.6
Stealth        | 1 2 |  2.4
Throwing       | |  1.9

Action                   |  1- 3 |  4- 6 |  7- 9 || total
-------------------------+-------+-------+-------++-------
Melee: Rapier            |   144 |   142 |    46 ||   332
       Kick              |     8 |       |       ||     8
       Falchion          |       |       |    11 ||    11
Throw: Throwing net      |       |       |     1 ||     1
 Stab: Sleeping          |     1 |     6 |     6 ||    13
  Eat: Chunk             |     1 |     7 |     2 ||    10
Armor: Leather armour    |    49 |    36 |    14 ||    99
Dodge: Dodged            |   101 |    81 |    35 ||   217
       Rpst.: Falchion   |       |       |     2 ||     2

Table legend:
 A = Spawn XP
 B = Non-spawn XP
 C = Spawn XP percentage of total XP
 D = Spawn monster count
 E = Non-spawn monster count
 F = Spawn count percentage of total count
 G = Total turns spent on level
                    A         B        C        D         E        F      G
               +---------+---------+-------+---------+---------+-------+---------
         Total |       0 |    1171 |   0.0 |       0 |      91 |   0.0 |  4062
               +---------+---------+-------+---------+---------+-------+---------
           D:1 |       0 |      47 |   0.0 |       0 |      26 |   0.0 |   973
           D:2 |       0 |      85 |   0.0 |       0 |      20 |   0.0 |   911
           D:3 |       0 |     274 |   0.0 |       0 |      22 |   0.0 |   862
           D:4 |       0 |     587 |   0.0 |       0 |      20 |   0.0 |   941
           D:5 |       0 |     178 |   0.0 |       0 |       3 |   0.0 |   144
               +---------+---------+-------+---------+---------+-------+---------
